 Dungeon Crawl Stone Soup version 0.24-a0-459-g225fefd530 (webtiles) character file.

Game seed: 518329975829529878

10198 Murumi the Protected (level 11, -2/71 HPs)
             Began as a Gargoyle Fighter on June 29, 2019.
             Was an Elder of Okawaru.
             Slain by Snorg (9 damage)
             ... on level 10 of the Dungeon.
             The game lasted 01:07:10 (11682 turns).

Murumi the Protected (Gargoyle Fighter)            Turns: 11682, Time: 01:07:10

Health: -2/71      AC: 31    Str: 23    XL:     11   Next: 58%
Magic:  15/15      EV: 16    Int:  9    God:    Okawaru [****..]
Gold:   458        SH: 13    Dex: 14    Spells: 10/10 levels left

rFire    + . .     SeeInvis .   a - +0 morningstar
rCold    . . .     Gourm    .   c - +0 shield
rNeg     + . .     Faith    .   y - +0 plate armour
rPois    ∞         Spirit   .   r - +0 helmet
rElec    +         Reflect  .   t - +0 cloak
rCorr    .         Harm     .   u - +2 pair of gloves
MR       +....                  (no boots)
Stlth    ..........             (no amulet)
HPRegen  0.21/turn              w - ring of protection from magic
MPRegen  0.14/turn              d - ring of protection from fire

@: agile, heroism
A: negative energy resistance 1, electricity resistance, unbreathing,
petrification resistance, rot immunity, AC +8
a: Heroism, Renounce Religion


You were on level 10 of the Dungeon.
You worshipped Okawaru.
Okawaru was greatly pleased with you.
You were hungry.

You visited 2 branches of the dungeon, and saw 11 of its levels.

You collected 701 gold pieces.
You spent 243 gold pieces at shops.

Inventory:

Hand Weapons
 a - a +0 morningstar (weapon)
 f - a +1 hunting sling of flaming
Missiles
 m - 185 stones (quivered)
 o - 29 sling bullets
Armour
 c - a +0 shield (worn)
 r - a +0 helmet (worn)
 t - a +0 cloak (worn)
 u - a +2 pair of gloves (worn)
 y - a +0 plate armour (worn)
Jewellery
 d - a ring of protection from fire (right hand)
 g - an uncursed ring of flight
 w - a ring of protection from magic (left hand)
Wands
 v - a wand of paralysis (10)
 D - a wand of flame (12)
Scrolls
 j - 6 scrolls of remove curse
 s - 4 scrolls of teleportation
 x - 3 scrolls of magic mapping
 z - 2 scrolls of fog
 B - a scroll of amnesia
 C - a scroll of enchant weapon
 E - a scroll of fear
Potions
 b - 5 potions of curing
 e - 2 potions of haste
 h - 3 potions of ambrosia
 i - 4 potions of mutation
 k - 3 potions of flight
 l - a potion of agility
 n - a potion of might
 q - 4 potions of heal wounds
 A - 2 potions of degeneration {unknown}
Miscellaneous
 G - a sack of spiders
Comestibles
 p - 22 rations


   Skills:
 - Level 9.3(14.3) Fighting
 - Level 7.0(12.0) Maces & Flails
 + Level 5.5(10.6) Slings
 - Level 1.0(8.6) Throwing
 - Level 10.0(15.0) Armour
 - Level 2.2(7.2) Dodging
 - Level 8.1(13.1) Shields
 - Level 6.2 Invocations
 - Level 3.0 Evocations


You had 10 spell levels left.
You didn't know any spells.
Your spell library contained the following spells:

 Spells                   Type           Power        Failure   Level  Hunger
 Magic Dart               Conj           #...         99%         1    ##.....
 Shock                    Conj/Air       #...         99%         1    ##.....
 Blink                    Tloc           N/A          100%        2    ###....
 Call Imp                 Summ           #.......     100%        2    ###....
 Searing Ray              Conj           #.....       100%        2    ###....
 Slow                     Hex            #.......     100%        2    ###....
 Swiftness                Chrm/Air       #.......     100%        2    ###....
 Conjure Flame            Conj/Fire      #.......     100%        3    ####...
 Dazzling Spray           Conj/Hex       #.....       100%        3    ####...
 Mephitic Cloud           Conj/Pois/Air  #.......     100%        3    ####...
 Static Discharge         Conj/Air       #.......     100%        3    ####...
 Airstrike                Air            #.........   100%        4    #####..
 Force Lance              Conj/Tloc      #.......     100%        4    #####..
 Fulminant Prism          Conj/Hex       #.........   100%        4    #####..
 Iskenderun's Mystic Bla  Conj           #.......     100%        4    #####..
 Lightning Bolt           Conj/Air       #.........   100%        5    ######.


Dungeon Overview and Level Annotations

Branches:
Dungeon (10/15)            Temple (1/1) D:7
   Lair: D:8-11         Orc: D:9-12

Altars:
Ashenzari
Cheibriados
Dithmenos
Elyvilon
Fedhas
Gozag
Hepliaklqana
Kikubaaqudgha
Makhleb
Nemelex Xobeh
Okawaru
Qazlal
Ru
Sif Muna
Trog
Uskayaw
Vehumet
Wu Jian
Xom
Yredelemnul
Zin
The Shining One

Shops:
D:5 (   D:6 =   D:7 [

Annotations:
D:10 Snorg


Innate Abilities, Weirdness & Mutations

You are resistant to torment.
Your stone body is resilient. (AC +8)
You are immune to poison.
You resist negative energy. (rN+)
You are resistant to electric shocks. (rElec)
You can survive without breathing.
You are immune to petrification.
You are immune to rotting.


Message History

You puncture Snorg!
Snorg is moderately wounded.
Snorg bites you but does no damage. You block Snorg's attack. x2
You thump Snorg!
Snorg is moderately wounded.
Snorg closely misses you. x3; You block Snorg's attack. x2; Snorg claws you.
* * * LOW HITPOINT WARNING * * *
You bludgeon Snorg!!
Snorg is heavily wounded.
You block Snorg's attack. Snorg completely misses you.
You block Snorg's attack.
You bludgeon Snorg!!
Snorg is severely wounded.
Snorg bites you but does no damage. You block Snorg's attack. x2
Snorg bites you but does no damage. You block Snorg's attack.
Snorg completely misses you.
You puncture Snorg!
Snorg is severely wounded.
Snorg misses you. You block Snorg's attack. Snorg claws you!
You die...

#####
#################...#
....................#
################.####
#.# #@# #T# (.# (.##
#.# #. #. #


You could see Snorg (berserk).

Vanquished Creatures
  Josephine (D:10)
  Erolcha (D:9)
  Pikel (D:7)
  The ghost of sour the Arsonist, a novice DrFE (D:5)
  A komodo dragon (D:10)
  A troll (D:10)
  A hornet (D:8)
  Prince Ribbit (D:7)
  2 slime creatures (D:7)
  3 wraiths (D:10)
  5 yaks (D:9)
  The ghost of Mrkan the Chopper, an amateur HOAK of Lugonu (D:4)
  A hungry ghost (D:9)
  Menkaure (D:7)
  A soldier ant (D:8)
  Duvessa (D:7)
  An orc warrior (D:7)
  A slave (D:7)
  3 sky beasts
  A black bear (D:9)
  A phantom (D:6)
  An ice beast (D:7)
  7 ogres
  A necrophage (D:9)
  5 centaurs
  6 big kobolds
  A gnoll sergeant (D:8)
  4 bullfrogs
  Dowan (D:7)
  A water moccasin skeleton (D:8)
  A wyvern skeleton (D:8)
  2 scorpions
  6 killer bees
  9 jellies
  A howler monkey (D:5)
  5 crimson imps
  Crazy Yiuf (D:4)
  A quasit (D:8)
  2 bullfrog skeletons
  4 hounds
  5 orc priests
  A centaur skeleton (D:5)
  Jessica (D:3)
  3 iguanas
  10 worker ants
  15 orc wizards
  5 worker ant zombies
  7 adders
  4 gnolls (D:8)
  8 oozes
  2 adder zombies
  4 worms
  5 dart slugs
  8 leopard geckos
  50 orcs
  3 ball pythons
  6 giant cockroaches
  13 goblins
  8 hobgoblins
  20 jackals
  A quokka (D:3)
  9 bats
  4 frilled lizards
  30 kobolds
  A leopard gecko skeleton (D:4)
  2 quokka skeletons (D:6)
  A quokka zombie (D:9)
  9 rats
324 creatures vanquished.

Vanquished Creatures (others)
  3 slaves (D:7)
  A crimson imp (D:7)
  2 orcs (D:7)
  2 jackals (D:7)
  2 fungi
  6 toadstools (D:7)
16 creatures vanquished.

Grand Total: 340 creatures vanquished

Notes
Turn   | Place    | Note
-------+----------+-------------------------------------------
     0 | D:1      | Murumi the Gargoyle Fighter began the quest for the Orb.
     0 | D:1      | Reached XP level 1. HP: 14/14 MP: 1/1
    59 | D:1      | Reached skill level 1 in Throwing
    97 | D:1      | Reached XP level 2. HP: 8/19 MP: 2/2
   111 | D:1      | Reached skill level 1 in Dodging
   481 | D:1      | Reached XP level 3. HP: 21/23 MP: 3/3
   964 | D:2      | Reached skill level 1 in Evocations
  1068 | D:2      | Reached XP level 4. HP: 28/28 MP: 4/4
  2034 | D:3      | Noticed Jessica
  2049 | D:3      | Reached XP level 5. HP: 33/33 MP: 5/5
  2065 | D:3      | Reached skill level 4 in Armour
  2083 | D:3      | Killed Jessica
  2083 | D:3      | Reached skill level 1 in Slings
  2478 | D:3      | Reached XP level 6. HP: 29/38 MP: 6/6
  3188 | D:4      | Reached XP level 7. HP: 44/44 MP: 7/7
  3344 | D:4      | Found a runed translucent door.
  3345 | D:4      | Noticed Crazy Yiuf
  3357 | D:4      | Killed Crazy Yiuf
  3493 | D:4      | Reached skill level 5 in Fighting
  3786 | D:4      | Reached skill level 5 in Armour
  3897 | D:4      | Reached skill level 5 in Shields
  3936 | D:4      | Noticed Mrkan's ghost (amateur HOAK)
  3940 | D:4      | Found a transporter.
  3949 | D:4      | Found a transporter.
  4164 | D:5      | Entered Level 5 of the Dungeon
  4242 | D:4      | Reached XP level 8. HP: 47/49 MP: 8/8
  4667 | D:5      | Found Reggiplo's Antique Weapon Shoppe.
  4673 | D:5      | Bought a dire flail for 100 gold pieces
  4738 | D:5      | Found a large runed translucent door.
  4738 | D:5      | Found a large runed translucent door.
  4740 | D:5      | Noticed sour's ghost (novice DrFE)
  5231 | D:4      | Reached skill level 5 in Maces & Flails
  5248 | D:4      | Killed Mrkan's ghost
  5248 | D:4      | Reached skill level 6 in Armour
  5751 | D:6      | Reached skill level 7 in Armour
  5751 | D:6      | Reached XP level 9. HP: 55/55 MP: 10/10
  6158 | D:6      | Found Hecuez's Jewellery Emporium.
  6161 | D:6      | Bought a cursed ring of teleportation for 49 gold pieces
  6161 | D:6      | Bought a cursed ring of attention for 49 gold pieces
  6916 | D:5      | Killed sour's ghost
  6916 | D:5      | Reached skill level 8 in Armour
  7341 | D:7      | Noticed Pikel
  7351 | D:7      | Killed Pikel
  7351 | D:7      | Reached skill level 9 in Armour
  7371 | D:7      | Noticed Prince Ribbit
  7385 | D:7      | Reached skill level 10 in Armour
  7438 | D:7      | Killed Prince Ribbit
  7483 | D:7      | Found a staircase to the Ecumenical Temple.
  7492 | Temple   | Entered the Ecumenical Temple
  7697 | Temple   | Became a worshipper of Warmaster Okawaru
  7752 | D:7      | Reached skill level 1 in Invocations
  7906 | D:7      | Reached XP level 10. HP: 59/60 MP: 11/11
  7921 | D:7      | Noticed Menkaure
  7927 | D:7      | Killed Menkaure
  8067 | D:7      | Reached * piety under Okawaru
  8634 | D:7      | Found Sorauss's Armour Emporium.
  8669 | D:7      | Bought a +0 helmet for 45 gold pieces
  8684 | D:7      | Noticed Duvessa
  8684 | D:7      | Noticed Dowan
  8695 | D:7      | Killed Duvessa
  8719 | D:7      | Killed Dowan
  9264 | D:8      | Reached skill level 5 in Slings
  9298 | D:8      | Reached ** piety under Okawaru
 10461 | D:9      | Noticed Erolcha
 10475 | D:9      | Reached skill level 5 in Invocations
 10475 | D:9      | Reached XP level 11. HP: 68/68 MP: 14/14
 10481 | D:9      | Paralysed by Erolcha for 6 turns
 10520 | D:9      | Reached *** piety under Okawaru
 10525 | D:9      | Killed Erolcha
 10789 | D:9      | Found an ornate altar of the Wu Jian Council.
 11110 | D:10     | Entered Level 10 of the Dungeon
 11381 | D:10     | Noticed Josephine
 11408 | D:10     | Killed Josephine
 11426 | D:10     | Reached **** piety under Okawaru
 11661 | D:10     | Noticed Snorg
 11682 | D:10     | Slain by Snorg

Levels and vault maps discovered:
D:1:      minmay_arrival_checkered_box, layout_rooms,
          chequers_serial_rivers_micro_c, chequers_decorated_corner,
          corexii_leaking_fountain, skrybe_limestone_x
D:2:      layout_basic, first_ration
D:3:      layout_rooms, uniq_jessica
D:4:      layout_loops_ring, gammafunk_ghost_smash, kennysheep_generic_room_13,
          uniq_crazy_yiuf_cottage
D:5:      layout_gridville, serial_shops, nicolae_shop_crystal,
          ebering_ghost_disaster_area, minmay_lizard_king
D:6:      layout_layer_cave, serial_shops, kennysheep_mini, kennysheep_boxes
D:7:      cheibrodos_fertilizer, layout_basic, minmay_temple_entry_butterflies,
          serial_shops, shop, uniq_menkaure, uniq_prince_ribbit1, uniq_pikel,
          uniq_duvessa
D:8:      layout_basic, serial_rivers, chequers_serial_rivers_micro_e,
          chequers_serial_rivers_small_a, chequers_serial_rivers_micro_a,
          chequers_serial_rivers_micro_e, hangedman_pestilent_swarm,
          corexii_hall_statues_u
D:9:      layout_irregular_city, lemuel_crystal_altar, uniq_erolcha
D:10:     layout_rooms, lightli_orcish_oven, uniq_josephine, uniq_erica,
          uniq_snorg
Temple:   nicolae_temple_the_god_donut

Skill      XL: |  1  2  3  4  5  6  7  8  9 10 11 |
---------------+----------------------------------+-----
Throwing       | 1 |  1.0
Dodging        | 1 2 |  2.2
Maces & Flails | 3 4 5 6 7 |  7.0
Evocations     | 1 2 3 |  3.0
Fighting       | 4 5 6 8 9 |  9.3
Armour         | 4 5 7 10 | 10.0
Slings         | 3 4 5 |  5.5
Shields        | 4 5 6 8 |  8.1
Invocations    | 2 5 6 |  6.2

Action                   |  1- 3 |  4- 6 |  7- 9 | 10-12 || total
-------------------------+-------+-------+-------+-------++-------
Melee: Flail             |   172 |   239 |   209 |       ||   620
       Morningstar       |       |       |   137 |   586 ||   723
 Fire: Hunting sling     |       |    47 |   166 |   174 ||   387
Throw: Stone             |    60 |    11 |       |       ||    71
Invok: Heroism           |       |       |       |     7 ||     7
  Use: Scroll            |     3 |     6 |     6 |     4 ||    19
       Potion            |       |     1 |       |     1 ||     2
  Eat: Chunk             |     1 |     7 |    12 |    11 ||    31
       Ration            |       |       |     1 |     2 ||     3
Armor: Scale mail        |    88 |    62 |       |       ||   150
       Chain mail        |       |    70 |   121 |       ||   191
       Plate armour      |       |       |   106 |   383 ||   489
Dodge: Dodged            |    55 |    71 |    86 |   136 ||   348
Block: Shield            |   103 |   149 |   181 |   373 ||   806

Table legend:
 A = Non-vault XP
 B = Vault XP
 C = Vault XP percentage of total XP
 D = Non-vault monster count
 E = Vault monster count
 F = Vault count percentage of total count
                 A         B        C        D         E       F
            +---------+---------+-------+---------+---------+-------
      Total |    8091 |    6478 |  44.5 |     279 |      44 |  13.6
            +---------+---------+-------+---------+---------+-------
        D:1 |      55 |       0 |   0.0 |      33 |       0 |   0.0
        D:2 |      98 |       0 |   0.0 |      26 |       0 |   0.0
        D:3 |     372 |      37 |   9.0 |      41 |       1 |   2.4
        D:4 |     462 |     579 |  55.6 |      37 |       5 |  11.9
        D:5 |     664 |     433 |  39.5 |      26 |       6 |  18.8
        D:6 |     495 |       0 |   0.0 |      15 |       0 |   0.0
        D:7 |    1495 |    2325 |  60.9 |      30 |      23 |  43.4
        D:8 |    1142 |     482 |  29.7 |      25 |       4 |  13.8
        D:9 |    2159 |     990 |  31.4 |      25 |       1 |   3.8
       D:10 |    1149 |    1632 |  58.7 |      21 |       4 |  16.0
            +---------+---------+-------+---------+---------+-------
